cohdb
Replays
Latest Replays
All Replays
Popular Replays
Top Player Replays
Match Explorer
How It Works
Community
CoH3 Stats
Reddit
Sign in to upload your games and track your stats! →
Sign in with Steam
Match 37826134
Unlisted
Match 37826134
Overview
Messages
Build Orders
End
Construct Weapon Support Center
Engineer Squad
M1919 Machine Gun Team
Bazooka Squad
Mechanized Support Center
M1919 Machine Gun Team
M16 Multiple Gun Motor Carriage
M3 75 mm Gun Motor Carriage
Construct Motor Pool
Selects Special Operations Battlegroup
Selects Special Operations Battlegroup
Selects Smoke Screen
Selects SSF Commando Squad
SSF Commando Squad
PANDAKING
magaserazhev
💀Punisher💀
magazinwastaken
ElderKaze
Vladimir Ilyich Ulyanov
原神皇帝
CPU - VERY EASY
0
0
Comments
sign in to comment!
No comments posted yet!